Map: Submarine LE

Players

BADPLAYERUR

  • Race: Protoss Protoss
  • League: Diamond
  • Spawn Location: 5:00

OMNIPOTENT - Winner!

  • Race: Zerg Zerg
  • League: Diamond
  • Spawn Location: 11:00

VOD

Have the link to the VOD?

Description

Time

  • Played on: July 30, 2020, 1:50 a.m.
  • Length: 27:06
Show
View Real Time Build Order
Export as new Build Order

BADPLAYERUR Protoss 

Build Orders: Cannon Rush, Carriers 

Get SALT Encoding   

  12  0:01  Probe  
  13  0:16  Pylon  
  13  0:18  Probe  
  14  0:35  Gateway  
  14  0:45  Forge  
  14  1:18  Pylon  
  14  1:19  Pylon  
  14  1:21  Pylon  
  14  1:36  Photon Cannon  
  14  1:40  Photon Cannon  
  14  1:43  Photon Cannon  
  14  1:50  Probe (Chrono Boost)  
  15  1:59  Probe (Chrono Boost)  
  16  2:04  Probe (Chrono Boost)  
  17  2:10  Assimilator  
  17  2:14  Cybernetics Core  
  17  2:15  Pylon  
  17  2:22  Assimilator  
  17  2:29  Probe (Chrono Boost)  
  18  2:39  Probe (Chrono Boost)  
  18  2:42  Photon Cannon  
  19  2:47  Probe  
  20  3:00  Probe (Chrono Boost)  
  20  3:04  Stalker  
  23  3:10  Probe (Chrono Boost)  
  24  3:13  Pylon  
  24  3:15  Probe (Chrono Boost)  
  24  3:37  Photon Cannon  
  24  3:44  Photon Cannon  
  24  3:52  Photon Cannon  
  24  3:59  Probe  
  25  4:09  Nexus  
  25  4:11  Probe  
  26  4:24  Probe  
  26  4:25  Pylon  
  27  4:33  Photon Cannon  
  27  4:41  Photon Cannon  
  27  4:46  Probe  
  28  4:58  Probe  
  28  5:07  Stargate  
  28  5:09  Stargate  
  28  5:10  Probe (Chrono Boost)  
  29  5:15  Pylon  
  29  5:17  Shield Battery  
  29  5:22  Probe (Chrono Boost)  
  30  5:30  Probe (Chrono Boost)  
  31  5:39  Photon Cannon  
  31  5:46  Photon Cannon  
  31  5:47  Pylon  
  31  5:49  Shield Battery  
  29  5:51  Shield Battery  
  33  5:59  Void Ray (Chrono Boost)  
  37  6:05  Void Ray (Chrono Boost)  
  37  6:10  Probe x2  
  39  6:21  Pylon  
  43  6:33  Void Ray (Chrono Boost)  
  43  6:39  Probe x2  
  45  6:51  Probe x2 (Chrono Boost)  
  45  6:54  Void Ray  
  51  7:03  Probe x2 (Chrono Boost)  
  51  7:05  Assimilator  
  53  7:10  Probe x2 (Chrono Boost), Assimilator  
  53  7:13  Pylon  
  53  7:15  Forge  
  55  7:17  Probe  
  55  7:22  Void Ray (Chrono Boost)  
  60  7:34  Void Ray (Chrono Boost)  
  64  7:54  Probe x2  
  64  7:57  Void Ray  
  70  8:05  Pylon  
  70  8:06  Probe x2  
  70  8:09  Void Ray  
  70  8:11  Pylon  
  72  8:34  Probe  
  72  8:35  Probe  
  72  8:40  Void Ray  
  78  8:52  Void Ray  
  82  9:00  Probe x2  
  84  9:06  Pylon  
  76  9:26  Fleet Beacon  
  76  9:36  Cybernetics Core  
  76  9:57  Nexus  
  76  9:59  Probe (Chrono Boost)  
  78  10:00  Assimilator  
  78  10:03  Probe (Chrono Boost)  
  78  10:04  Assimilator  
  78  10:06  Pylon  
  78  10:09  Probe (Chrono Boost)  
  78  10:10  Pylon  
  78  10:12  Carrier, Pylon  
  78  10:13  Probe (Chrono Boost), Carrier  
  92  10:14  Probe (Chrono Boost)  
  92  10:23  Probe  
  92  10:25  Probe  
  92  10:28  Stargate  
  92  10:30  Stargate  
  92  10:35  Probe  
  93  10:47  Protoss Air Weapons Level 1 (Chrono Boost)  
  93  10:55  Photon Cannon  
  93  10:56  Protoss Shields Level 1 (Chrono Boost)  
  93  10:57  Photon Cannon  
  93  10:58  Shield Battery  
  93  11:01  Shield Battery  
  93  11:14  Carrier  
  99  11:38  Nexus  
  99  11:41  Assimilator  
  99  11:42  Pylon  
  99  11:44  Pylon  
  99  11:45  Probe x2, Assimilator  
  101  11:47  Pylon  
  101  11:51  Pylon  
  101  11:57  Probe, Pylon  
  101  12:01  Probe, Carrier  
  109  12:02  Carrier  
  109  12:06  Carrier  
  121  12:09  Probe  
  122  12:19  Carrier  
  119  12:38  Probe x2  
  121  12:50  Probe  
  122  12:55  Photon Cannon  
  122  12:56  Photon Cannon  
  122  12:58  Photon Cannon  
  122  13:02  Photon Cannon  
  122  13:05  Carrier  
  128  13:07  Protoss Air Weapons Level 2 (Chrono Boost)  
  108  13:34  Carrier  
  108  13:35  Carrier  
  116  13:41  Probe x2  
  116  13:42  Probe  
  119  13:53  Pylon  
  119  14:12  Photon Cannon  
  119  14:13  Photon Cannon  
  119  14:16  Photon Cannon  
  119  14:25  Carrier  
  131  14:38  Carrier  
  97  15:14  Void Ray x2  
  105  15:27  Protoss Air Weapons Level 3 (Chrono Boost)  
  105  15:28  Void Ray  
  109  15:42  Void Ray  
  113  15:57  Nexus  
  113  16:00  Assimilator  
  113  16:04  Pylon  
  113  16:06  Pylon  
  113  16:10  Assimilator  
  106  16:22  Void Ray  
  106  16:23  Void Ray  
  114  16:35  Photon Cannon  
  114  16:36  Photon Cannon  
  115  16:47  Probe x2 (Chrono Boost)  
  115  16:49  Probe (Chrono Boost)  
  117  16:57  Probe x2 (Chrono Boost)  
  117  16:58  Probe (Chrono Boost)  
  120  17:02  Probe (Chrono Boost)  
  120  17:06  Pylon  
  121  17:10  Probe  
  121  17:11  Probe, Photon Cannon  
  121  17:13  Probe, Photon Cannon  
  121  17:15  Photon Cannon  
  124  17:25  Twilight Council  
  124  17:43  Photon Cannon  
  124  17:45  Photon Cannon  
  124  17:57  Carrier x3  
  142  18:14  Nexus  
  142  18:27  Photon Cannon  
  142  18:28  Photon Cannon  
  142  18:31  Photon Cannon  
  142  18:35  Photon Cannon  
  142  18:58  Nexus  
  142  19:12  Void Ray  
  122  19:41  Void Ray  
  126  19:49  Carrier  
  124  20:10  Void Ray x2  
  124  20:24  Void Ray  
  128  20:38  Protoss Air Armor Level 1 (Chrono Boost)  
  128  20:43  Carrier  
  128  20:47  Carrier x2  
  126  20:58  Void Ray  
  136  21:31  Photon Cannon, Protoss Shields Level 2 (Chrono Boost)  
  136  21:35  Photon Cannon  
  136  21:40  Void Ray  
  140  21:47  Void Ray  
  140  21:51  Void Ray  
  140  21:53  Nexus  
  148  22:07  Photon Cannon  
  148  22:23  Carrier  
  154  22:56  Nexus  
  154  23:26  Carrier  
  156  23:51  Photon Cannon  
  156  23:59  Void Ray  
  160  24:34  Nexus  
  160  24:56  Void Ray  
  122  25:54  Void Ray x4  
Show
View Real Time Build Order
Export as new Build Order

OMNIPOTENT Zerg - Winner!

Build Orders: Hatch First 

Get SALT Encoding   

  12  0:00  Drone  
  13  0:13  Overlord  
  13  0:17  Drone  
  14  0:31  Drone x2  
  16  0:50  Hatchery  
  16  0:52  Drone  
  16  0:56  Drone  
  17  1:00  Drone  
  18  1:11  Extractor  
  17  1:17  Spawning Pool  
  17  1:18  Drone  
  17  1:21  Drone  
  18  1:36  Extractor  
  17  1:47  Drone  
  17  1:48  Overlord  
  19  2:03  Hatchery  
  19  2:06  Roach Warren  
  17  2:10  Drone  
  17  2:12  Overlord  
  18  2:21  Spine Crawler  
  17  2:40  Queen  
  19  2:46  Roach x2  
  24  3:02  Roach  
  24  3:05  Hatchery  
  25  3:07  Ravager  
  25  3:08  Ravager  
  27  3:24  Ravager  
  28  3:48  Hatchery  
  28  4:00  Roach x3  
  34  4:11  Drone  
  35  4:22  Drone  
  36  4:35  Drone  
  37  4:39  Hatchery  
  37  4:43  Drone  
  37  4:48  Lair  
  38  5:05  Hatchery, Drone  
  38  5:14  Overlord x3  
  38  5:25  Overlord  
  38  5:46  Drone  
  38  5:47  Drone x3  
  42  5:56  Drone x2  
  44  6:03  Hydralisk Den, Drone  
  44  6:04  Drone  
  44  6:05  Drone x2  
  44  6:06  Spore Crawler  
  44  6:07  Spine Crawler, Overseer  
  44  6:10  Drone  
  46  6:14  Drone  
  47  6:21  Drone  
  47  6:22  Drone  
  47  6:24  Queen  
  51  6:31  Drone x3  
  54  6:35  Drone x4  
  58  6:40  Drone  
  59  6:48  Drone x2  
  59  6:51  Queen  
  56  6:57  Drone x3  
  56  6:58  Drone  
  56  6:59  Queen  
  56  7:00  Drone  
  63  7:04  Drone x2  
  63  7:07  Grooved Spines  
  63  7:08  Drone  
  66  7:11  Drone  
  66  7:12  Drone  
  65  7:39  Drone  
  65  7:42  Overlord x3  
  65  7:43  Overlord x2  
  66  7:56  Overlord x2  
  66  8:00  Queen x2  
  66  8:03  Drone  
  66  8:04  Drone  
  66  8:05  Drone  
  73  8:08  Extractor  
  73  8:09  Extractor, Drone x3  
  73  8:10  Drone x3  
  77  8:13  Extractor  
  77  8:14  Drone x2  
  77  8:15  Extractor  
  77  8:26  Drone  
  77  8:27  Drone x2  
  77  8:28  Drone x3  
  77  8:31  Queen  
  83  8:40  Hydralisk x4  
  91  8:51  Hydralisk  
  91  8:52  Hydralisk x5  
  91  8:53  Hydralisk  
  101  8:57  Hydralisk, Spore Crawler  
  99  9:04  Hydralisk x2  
  97  9:13  Hydralisk x2  
  96  9:24  Hatchery  
  96  9:28  Hydralisk x2  
  96  9:29  Glial Reconstitution  
  99  9:35  Evolution Chamber  
  98  9:38  Hatchery  
  95  9:45  Drone  
  95  9:46  Drone x4  
  95  9:50  Overlord  
  95  9:52  Muscular Augments  
  100  9:56  Overlord  
  100  9:58  Zergling x2  
  101  10:02  Zerg Missile Weapons Level 1  
  101  10:17  Hydralisk  
  101  10:18  Hydralisk x3  
  109  10:25  Hydralisk  
  111  10:31  Overlord, Hydralisk x2  
  111  10:35  Hydralisk  
  115  10:40  Hydralisk  
  117  10:43  Hydralisk  
  117  10:47  Drone x3  
  122  10:54  Drone x2  
  124  10:57  Drone  
  124  10:58  Drone  
  126  11:04  Queen, Hydralisk x2  
  126  11:05  Hydralisk  
  126  11:10  Hydralisk x2  
  138  11:13  Drone x2  
  138  11:14  Drone  
  141  11:21  Queen  
  143  11:26  Hydralisk x4  
  143  11:29  Overlord  
  143  11:31  Overlord  
  151  11:32  Overlord  
  151  11:40  Overlord  
  151  11:41  Overlord x3  
  151  11:52  Hydralisk x6  
  163  11:55  Hydralisk  
  163  11:56  Hydralisk  
  163  11:59  Spore Crawler  
  166  12:03  Spine Crawler  
  166  12:04  Hydralisk x2  
  169  12:08  Zerg Missile Weapons Level 2  
  169  12:12  Hydralisk  
  169  12:14  Infestation Pit  
  170  12:17  Overlord  
  170  12:23  Hydralisk x5  
  170  12:26  Hydralisk  
  166  12:36  Spire  
  147  12:40  Hydralisk  
  147  12:41  Hydralisk x4  
  157  12:47  Extractor, Drone x3  
  157  12:48  Drone x2  
  157  12:49  Extractor  
  157  12:50  Drone x2  
  157  12:51  Drone  
  163  12:55  Drone x2  
  163  12:56  Drone  
  163  12:57  Drone x2  
  168  13:00  Overlord  
  168  13:02  Drone x2  
  168  13:04  Hydralisk  
  168  13:05  Hydralisk  
  172  13:09  Hydralisk  
  172  13:10  Hydralisk  
  172  13:12  Hydralisk  
  174  13:21  Hydralisk x3  
  174  13:22  Hydralisk x2  
  132  13:34  Hydralisk  
  132  13:35  Hydralisk x6  
  121  13:47  Corruptor x4  
  129  13:50  Corruptor  
  131  14:01  Corruptor x2  
  135  14:04  Corruptor  
  137  14:11  Zerg Flyer Armor Level 1  
  137  14:17  Hatchery  
  137  14:19  Drone x12  
  137  14:20  Drone  
  137  14:22  Corruptor  
  151  14:26  Corruptor  
  153  14:37  Corruptor x3  
  149  14:53  Corruptor x3  
  149  14:58  Corruptor  
  149  15:01  Corruptor  
  143  15:07  Corruptor  
  143  15:11  Extractor, Drone  
  143  15:12  Extractor  
  142  15:23  Hive  
  142  15:25  Drone x3  
  142  15:26  Drone x3  
  142  15:27  Hatchery  
  147  15:29  Corruptor  
  147  15:30  Corruptor x2  
  147  15:33  Extractor x2  
  151  15:36  Drone  
  151  15:37  Drone x2  
  151  15:38  Drone x3  
  157  15:43  Corruptor  
  157  15:44  Hatchery, Corruptor x2  
  157  15:48  Corruptor  
  164  15:54  Queen  
  164  15:55  Queen  
  168  15:58  Spore Crawler  
  168  16:00  Spine Crawler  
  168  16:02  Spine Crawler  
  165  16:04  Corruptor  
  165  16:05  Spine Crawler, Corruptor x2  
  164  16:13  Corruptor x3  
  152  16:22  Zerg Flyer Armor Level 2  
  148  16:29  Drone x2  
  148  16:30  Drone  
  151  16:35  Corruptor x3  
  151  16:39  Corruptor  
  157  16:40  Extractor  
  157  16:41  Corruptor, Extractor  
  159  16:53  Corruptor  
  159  16:54  Corruptor x2  
  165  17:02  Corruptor x3  
  165  17:04  Corruptor  
  165  17:07  Corruptor  
  175  17:11  Corruptor  
  175  17:13  Drone  
  178  17:17  Corruptor x2  
  178  17:21  Spore Crawler  
  178  17:22  Spine Crawler  
  180  17:23  Drone  
  180  17:24  Corruptor x2  
  180  17:29  Corruptor x2  
  189  17:38  Corruptor x3  
  189  17:44  Corruptor  
  193  17:45  Corruptor  
  193  17:48  Corruptor  
  193  17:54  Corruptor  
  193  17:56  Corruptor  
  195  18:06  Spine Crawler  
  194  18:25  Corruptor x3  
  196  18:40  Corruptor x3  
  200  18:48  Hatchery, Zerg Flyer Armor Level 3  
  197  18:53  Spine Crawler  
  196  18:55  Spine Crawler  
  196  18:57  Spine Crawler  
  196  18:58  Corruptor x3, Spine Crawler  
  199  19:13  Zerg Missile Weapons Level 3  
  199  19:18  Extractor  
  199  19:19  Extractor  
  197  19:30  Corruptor x8  
  189  19:35  Corruptor  
  189  19:36  Corruptor x2  
  181  19:38  Corruptor  
  181  19:41  Corruptor  
  185  19:49  Corruptor x2  
  189  19:53  Corruptor  
  191  20:06  Corruptor x4  
  181  20:10  Corruptor  
  165  20:15  Corruptor  
  165  20:17  Corruptor  
  145  20:22  Drone x2  
  145  20:24  Corruptor  
  149  20:29  Corruptor  
  149  20:30  Corruptor  
  149  20:34  Corruptor  
  155  20:37  Corruptor  
  155  20:40  Corruptor  
  159  20:46  Corruptor  
  159  20:47  Corruptor  
  162  20:54  Corruptor  
  162  20:56  Corruptor x2  
  160  20:59  Corruptor x2  
  160  21:02  Corruptor  
  162  21:07  Corruptor x2  
  164  21:11  Corruptor  
  164  21:14  Overlord  
  161  21:22  Corruptor x4  
  169  21:35  Corruptor  
  169  21:36  Corruptor x2  
  169  21:39  Corruptor  
  173  21:48  Corruptor  
  175  22:02  Corruptor  
  175  22:03  Corruptor x2  
  175  22:04  Drone  
  175  22:08  Extractor  
  181  22:13  Corruptor x2  
  181  22:30  Greater Spire  
  181  22:34  Corruptor x4  
  173  22:40  Corruptor  
  175  22:59  Corruptor x4  
  183  23:14  Corruptor x4  
  183  23:17  Corruptor  
  183  23:22  Corruptor  
  183  23:24  Zergling x46  
  200  23:30  Metabolic Boost  
  194  24:01  Corruptor  
  194  24:02  Corruptor x2  
  191  24:26  Corruptor  
  191  24:27  Corruptor x9  
  198  24:45  Brood Lord x2  
  195  25:32  Corruptor x6  
  195  25:33  Corruptor x2  
  183  25:45  Corruptor  
  183  25:46  Corruptor x7  
  171  26:01  Corruptor x3  
  171  26:03  Corruptor  
  167  26:07  Corruptor  
  163  26:16  Extractor  
  162  26:22  Corruptor x3  
Tags
 
Add a new tag
Caveats
  • Supply blocks, unpowered buildings, or Contaminate may cause inaccurate times.
  • Supply counts are checked every 10 seconds.